 Dungeon Crawl Stone Soup version 0.18-a0-731-ga019a5f (webtiles) character file.

2074 JokEr the Fighter (level 9, -11/62 HPs)
             Began as a Gargoyle Fighter on Dec 9, 2015.
             Killed by divine providence
             ... invoked by an orc priest
              (15 damage)
             ... on level 7 of the Dungeon.
             The game lasted 00:14:31 (6376 turns).

JokEr the Fighter (Gargoyle Fighter)                Turns: 6376, Time: 00:14:32

Health: -11/62     AC: 14    Str: 22    XL:     9   Next: 26%
Magic:  9/9        EV:  5    Int: 10    God:
Gold:   394        SH:  9    Dex:  9    Spells: 0 memorised, 8 levels left

rFire  . . .     SeeInvis .     e - +1 mace (crush)
rCold  . . .     Clarity  .     w - +0 chain mail
rNeg   + . .     SustAt   .     t - +0 shield
rPois  ∞         Gourm    .     (no helmet)
rElec  +         Spirit   .     (no cloak)
rCorr  .         Dismiss  .     (no gloves)
rMut   .         Stasis   .     (no boots)
MR     .....                    s - amulet of rage
Stlth  ..........               (no ring)
                                (no ring)

@: not resistant to hostile enchantments, extremely unstealthy
A: negative energy resistance 1, electricity resistance, unbreathing,
petrification resistance, rot immunity, AC +5
a: Evoke Berserk Rage


You were on level 7 of the Dungeon.
You were not hungry.

You visited 1 branch of the dungeon, and saw 8 of its levels.

You collected 394 gold pieces.

Inventory:

Hand Weapons
 e - a +1 mace of crushing (weapon)
Armour
 t - a +0 shield (worn)
 w - a +0 chain mail (worn)
Jewellery
 c - an uncursed amulet of stasis {unknown}
 k - an uncursed amulet of faith
 p - a cursed ring of teleportation
 r - a cursed ring of loudness {unknown}
 s - an amulet of rage (around neck)
Wands
 d - a wand of random effects (36)
 v - a wand of draining (11)
Scrolls
 q - a scroll of fog
Potions
 h - a potion of mutation {unknown}
 j - 6 potions of curing {unknown}
 n - 2 potions of poison {unknown}
 x - a potion of invisibility {unknown}
 z - a potion of resistance {unknown}
Comestibles
 f - 2 meat rations
 g - a beef jerky
 i - 4 slices of pizza
 o - 3 fruits
 u - a royal jelly


   Skills:
 + Level 9.8 Fighting
 + Level 8.5 Maces & Flails
 - Level 3.4 Armour
 - Level 0.1 Dodging
 - Level 3.5 Shields


You had 8 spell levels left.
You didn't know any spells.

Dungeon Overview and Level Annotations

Branches:
Dungeon (8/15)             Temple (0/1) D:4
   Lair: D:8-11

Altars:
Kikubaaqudgha
Makhleb
Okawaru
Sif Muna
Trog
Zin

Annotations:
D:8 Psyche


Innate Abilities, Weirdness & Mutations

You are resistant to torment.
Your stone body is resilient (AC +5).
You are immune to poison.
You resist negative energy.
You are resistant to electric shocks.
You can survive without breathing.
You are immune to petrification.
You are immune to rotting.


Message History

* * * LOW HITPOINT WARNING * * *
You sock the orc priest!
You kill the orc priest!
The kobold hits you but does no damage. The orc hits you but does no damage.
The orc hits you but does no damage.
The orc priest looks braver for a moment.
The kobold hits you but does no damage.
The orc wizard casts a cantrip, but nothing happens.
The kobold hits you but does no damage.
A hippogriff comes into view.
The orc priest hits you with a flail.
* * * LOW HITPOINT WARNING * * *
You see here a hand axe.
The orc priest calls down the wrath of Beogh upon you.
Something smites you!
* * * LOW HITPOINT WARNING * * *
The kobold barely misses you.
The orc priest calls down the wrath of Beogh upon you.
Something smites you!
You die...

....... .. ....... #.....
.......#### ####......
..........######.........
....H....................
.........................
#....†.................#
###..........)........#
#....oK.@..<..)...##
#..[.oo...[[.......#
##.o.oo..#............
#..>K###.............
#..o## #.............
#..## #..........#.##
#..####..........#.?.
#..##............# ..
...###..#.............#


You could see a hippogriff, an orc priest, an orc wizard, 5 orcs and 2 kobolds.

Vanquished Creatures
  A steam dragon (D:7)
  Menkaure (D:4)
  An ice beast (D:5)
  A water moccasin (D:5)
  A phantom (D:4)
  A black bear (D:6)
  An ogre (D:6)
  A centaur (D:6)
  2 giant frogs
  A scorpion (D:7)
  5 killer bees (D:6)
  A giant frog zombie (D:7)
  2 jellies
  2 orc priests
  3 hounds
  Natasha (thrice) (D:2)
  5 orc wizards
  6 worker ants
  A hound zombie (D:6)
  4 hound skeletons
  4 gnolls
  11 adders
  2 shadow imps
  An adder zombie (D:5)
  An adder skeleton (D:6)
  A worm (D:4)
  3 giant geckos
  21 orcs
  9 bats
  7 giant cockroaches
  5 goblins
  2 hobgoblins
  15 jackals
  6 kobolds
  4 quokkas
  A ball python (D:5)
  3 giant gecko skeletons (D:4)
  4 giant newts
  5 rats
148 creatures vanquished.

Vanquished Creatures (others)
  An orc (D:7)
1 creature vanquished.

Grand Total: 149 creatures vanquished

Notes
Turn   | Place    | Note
--------------------------------------------------------------
     0 | D:1      | JokEr the Gargoyle Fighter began the quest for the Orb.
     0 | D:1      | Reached XP level 1. HP: 14/14 MP: 1/1
    85 | D:1      | Reached XP level 2. HP: 17/19 MP: 2/2
   480 | D:2      | Reached skill level 4 in Fighting
   480 | D:2      | Reached XP level 3. HP: 22/24 MP: 3/3
   740 | D:2      | Noticed Natasha
   757 | D:2      | Killed Natasha
   757 | D:2      | Reached XP level 4. HP: 6/30 MP: 4/4
  1131 | D:2      | Found an iron altar of Okawaru.
  1131 | D:2      | Found an ancient bone altar of Kikubaaqudgha.
  1135 | D:2      | Found a deep blue altar of Sif Muna.
  1382 | D:2      | Noticed Natasha
  1390 | D:2      | Killed Natasha
  1543 | D:2      | Noticed Natasha
  1549 | D:2      | Killed Natasha
  1683 | D:3      | Reached XP level 5. HP: 34/34 MP: 5/5
  2006 | D:3      | Reached skill level 5 in Fighting
  2875 | D:4      | Noticed Menkaure
  3037 | D:4      | Reached XP level 6. HP: 33/40 MP: 6/6
  3106 | D:4      | Killed Menkaure
  3383 | D:4      | Reached skill level 6 in Fighting
  3539 | D:4      | Found a staircase to the Ecumenical Temple.
  3660 | D:4      | Found a bloodstained altar of Trog.
  3667 | D:4      | Reached skill level 5 in Maces & Flails
  3722 | D:4      | Reached XP level 7. HP: 27/47 MP: 7/7
  4113 | D:5      | Entered Level 5 of the Dungeon
  4475 | D:5      | Found a glowing silver altar of Zin.
  4548 | D:5      | Reached skill level 7 in Fighting
  4696 | D:5      | Found a burning altar of Makhleb.
  4825 | D:5      | Reached XP level 8. HP: 44/53 MP: 8/8
  4915 | D:5      | Found a bloodstained altar of Trog.
  5078 | D:6      | Reached skill level 8 in Fighting
  5736 | D:6      | Reached skill level 9 in Fighting
  5861 | D:6      | Reached XP level 9. HP: 53/60 MP: 9/9
  6367 | D:8      | Noticed Psyche
  6374 | D:7      | HP: 3/62 [orc priest/divine providence (8)]
  6376 | D:7      | Killed from afar by an orc priest

Vault maps used:
D:1:      dpeg_arrival_stonehenge_12_columns
D:2:      nicolae_overflow_hidden_temple, first_bread, st_stairs_4, uniq_natasha
D:3:      grunt_decor_mini_mirrors
D:4:      temple_statues, bloody_trog, uniq_menkaure
D:5:      lemuel_crystal_altar, zin_treasury, makhleb_heckhound_becter
D:7:      fedhas_altar_decomposition, ashenzari_conservatory_becter,
          amethyst_killhole, minmay_crystal_room, grunt_livestock, tso_altar
D:8:      minmay_quarter_circles, kb_xom_exploding_sheep,
          overflow_temple_1_default, old_standard_altar, serial_shops, shop,
          uniq_psyche

Action                   |  1- 3 |  4- 6 |  7- 9 || total
-------------------------+-------+-------+-------++-------
Melee: Flail             |    60 |       |       ||    60
       Mace              |    36 |   222 |   287 ||   545
  Use: Scroll            |     2 |     1 |     6 ||     9
       Potion            |     1 |     1 |       ||     2
  Eat: Bread ration      |       |     2 |     3 ||     5
